 Dungeon Crawl Stone Soup version 0.31-a0-202-g547052bce9 (webtiles) character file.

Game seed: 15530617660616230241

748 qw the Skirmisher (level 7, -2/40 HPs)
             Began as a Deep Elf Hunter on June 26, 2023.
             Slain by a gnoll bouda
             ... wielding a +0 whip
              (9 damage)
             ... on level 5 of the Dungeon.
             The game lasted 00:01:32 (3643 turns).

qw the Skirmisher (Deep Elf Hunter)                 Turns: 3643, Time: 00:01:33

Health: -2/40      AC:  6    Str: 10    XL:     7   Next: 48%
Magic:  9/9        EV: 16    Int: 14    God:
Gold:   209        SH:  0    Dex: 18    Spells: 6/6 levels left

rFire   . . .        Y - +1 shortbow (flame)
rCold   . . .        (shield currently unavailable)
rNeg    . . .        h - +0 ring mail
rPois   +            b - +0 helmet
rElec   .            (no cloak)
rCorr   .            (no gloves)
SInv    .            (no boots)
Will    .....        (no amulet)
Stlth   +            a - +5 ring of evasion
HPRegen 0.26/turn    l - ring of poison resistance
MPRegen 0.11/turn

%: no passive effects
@: about to teleport, weakened
A: no striking features
a: no special abilities


You were on level 5 of the Dungeon.
You visited 1 branch of the dungeon, and saw 5 of its levels.

You collected 209 gold pieces.


   Skills:
 - Level 2.0 Fighting
 + Level 11.1 Ranged Weapons
 - Level 1.5 Armour
 - Level 3.6 Dodging
 - Level 1.2 Stealth


You had 6 spell levels left.
You didn't know any spells.
Your spell library was empty.

Inventory:

Hand Weapons
 Y - a +1 shortbow of flaming (weapon)
Armour
 b - a +0 helmet (worn)
 h - a +0 ring mail (worn)
Jewellery
 a - a +5 ring of evasion (left hand)
 f - a ring of ice
 l - a ring of poison resistance (right hand)
 o - a ring of positive energy
Scrolls
 i - a scroll of identify
Potions
 c - a potion of curing
 d - a potion of resistance
 k - a potion of heal wounds {unknown}
 n - a potion of degeneration {unknown}

Dungeon Overview and Level Annotations

Branches:
Dungeon (5/15)
 Temple: D:4-7

Altars:
Fedhas
Kikubaaqudgha
Makhleb
Qazlal
Wu Jian
Zin

Annotations:
D:4 3 runed translucent doors, qw's ghost, amateur DEHu


Message History

You feel your attacks grow feeble. The gnoll bouda completely misses you.
The gnoll splashes around in the water.
The gnoll misses you.
You shoot an arrow.
The arrow closely misses the gnoll bouda.
The arrow hits the gnoll!
The arrow burns the gnoll.
You kill the gnoll!
The gnoll bouda barely misses you. The gnoll barely misses you.
The gnoll splashes around in the water.
You shoot an arrow. The arrow hits the gnoll bouda.
The arrow burns the gnoll bouda.
The gnoll bouda is moderately wounded.
The gnoll bouda gazes fiercely through you!
You feel as though you will be weak longer.
The gnoll bouda barely misses you.
The gnoll hits you from afar with a +0 spear.
The gnoll splashes around in the water.
You shoot an arrow.
The arrow hits the gnoll bouda but does no damage.
The gnoll bouda is moderately wounded.
The gnoll bouda hits you with a +0 whip.
The gnoll splashes around in the water. x2
You shoot an arrow. The arrow hits the gnoll bouda.
The arrow burns the gnoll bouda.
The gnoll bouda is severely wounded.
The gnoll bouda hits you with a +0 whip!
The gnoll hits you from afar with a +0 spear.
The gnoll closely misses you.
You shoot an arrow. The arrow hits the gnoll bouda.
The arrow burns the gnoll bouda.
The gnoll bouda is almost dead.
The gnoll bouda mumbles some strange prayers to its god.
The gnoll bouda is healed somewhat.
The gnoll hits you from afar with a +0 spear!
The gnoll barely misses you.
3643 ||| READING scroll of teleportation.
As you read the scroll of teleportation, it crumbles to dust.
You feel strangely unstable.
The gnoll bouda hits you with a +0 whip!
You die...

#.# #.#
#.# #.#
#.# 77
#.# ..
#.#
77777g#.#
.....)g@#
~~~~~g###
#####


You could see a gnoll bouda and 2 gnolls.

Vanquished Creatures
  A black bear (D:4)
  An ogre (D:4)
  A phantom (D:5)
  4 scorpions
  A hound (D:5)
  A jelly (D:4)
  Robin (D:3)
  5 gnolls
  3 adders
  An ufetubus (D:5)
  7 dart slugs
  3 orcs (D:4)
  5 bats
  4 endoplasms
  3 giant cockroaches
  11 hobgoblins
  2 jackals (D:1)
  4 quokkas
  8 ball pythons
  5 frilled lizards
  20 goblins
  7 kobolds
  6 rats
104 creatures vanquished.

Notes
Turn   | Place    | Note
-------+----------+-------------------------------------------
     0 | D:1      | qw the Deep Elf Hunter began the quest for the Orb.
     0 | D:1      | Reached XP level 1. HP: 12/12 MP: 3/3
     0 | D:1      | 0 ||| qw: Version: 0.3-a-22-g0ed2b0b
     0 | D:1      | 0 ||| qw: Game counter: 5983
     0 | D:1      | 0 ||| qw: Melee chars always use a shield: true
     0 | D:1      | 0 ||| qw: God list: Okawaru
     0 | D:1      | 0 ||| qw: Allow faded altars: false
     0 | D:1      | 0 ||| qw: Do Orc after clearing Dungeon:15 true
     0 | D:1      | 0 ||| qw: Do second Lair branch before Depths: true
     0 | D:1      | 0 ||| qw: Lair rune preference: random
     0 | D:1      | 0 ||| qw: Goals: Normal
     0 | D:1      | 0 ||| PLANNING D:1-11
    93 | D:1      | Reached XP level 2. HP: 16/16 MP: 4/4
   101 | D:1      | Reached skill level 6 in Ranged Weapons
   349 | D:1      | Reached XP level 3. HP: 20/20 MP: 5/5
   649 | D:1      | 649 ||| DROPPING ring of wizardry.
   650 | D:1      | 650 ||| READING scroll labelled ZICVER PUG ULO.
   651 | D:1      | 651 ||| READING scroll labelled WIFFIETWIZEO.
   656 | D:1      | 656 ||| READING scroll labelled YVATTAH KAAC VOCK.
   657 | D:1      | 657 ||| READING 3 scrolls labelled RYMUSHROISUR.
   658 | D:1      | 658 ||| READING scroll labelled FOJOHOUHURPH.
   659 | D:1      | 659 ||| READING scroll labelled YJIHAD SAHINNI.
   660 | D:1      | 660 ||| READING 2 scrolls of identify.
   660 | D:1      | 660 ||| IDENTIFYING fuming puce potion
   661 | D:1      | 661 ||| DROPPING scroll of butterflies.
   797 | D:2      | Reached skill level 7 in Ranged Weapons
   896 | D:2      | Found a faded altar of an unknown god.
  1089 | D:2      | 1089 ||| FLEEEEING.
  1090 | D:2      | 1090 ||| FLEEEEING.
  1091 | D:2      | 1091 ||| FLEEEEING.
  1092 | D:2      | 1092 ||| FLEEEEING.
  1275 | D:2      | 1275 ||| UPGRADING to +0 ring mail.
  1285 | D:2      | 1285 ||| DROPPING +0 leather armour.
  1286 | D:2      | 1286 ||| UPGRADING to +5 ring of evasion.
  1287 | D:2      | 1287 ||| READING scroll labelled SUNAEMERGHE.
  1288 | D:2      | 1288 ||| READING 2 scrolls of identify.
  1288 | D:2      | 1288 ||| IDENTIFYING bubbling orange potion
  1289 | D:2      | 1289 ||| DROPPING potion of berserk rage.
  1377 | D:3      | Found a glowing silver altar of Zin.
  1401 | D:3      | Reached XP level 4. HP: 25/25 MP: 6/6
  1437 | D:3      | Noticed Robin
  1462 | D:3      | Killed Robin
  1645 | D:3      | Reached skill level 8 in Ranged Weapons
  1797 | D:3      | Found a burning altar of Makhleb.
  2273 | D:3      | 2273 ||| UPGRADING to +0 helmet.
  2278 | D:3      | 2278 ||| UPGRADING to ring of poison resistance.
  2279 | D:3      | 2279 ||| READING 2 scrolls labelled LEEFIL WIUSHROU.
  2280 | D:3      | 2280 ||| READING scroll labelled GALLET XELL.
  2281 | D:3      | 2281 ||| READING scroll labelled PETOG RAETZE.
  2282 | D:3      | 2282 ||| DROPPING scroll of noise.
  2371 | D:4      | Noticed an ogre
  2373 | D:4      | Killed an ogre
  2374 | D:4      | Reached skill level 9 in Ranged Weapons
  2374 | D:4      | Reached XP level 5. HP: 29/29 MP: 7/7
  2378 | D:4      | Found a blossoming altar of Fedhas.
  2706 | D:4      | Reached XP level 6. HP: 35/35 MP: 8/8
  2807 | D:4      | Identified the +0 chain mail of Haseim {rElec rF- rC+
                  | Dex+8}
  2882 | D:4      | Reached skill level 10 in Ranged Weapons
  2899 | D:4      | You fall into a shaft and drop 1 floor!
  2899 | D:5      | Entered Level 5 of the Dungeon
  2921 | D:5      | Found a stormy altar of Qazlal.
  2944 | D:5      | Reached skill level 3 in Dodging
  2976 | D:5      | Found an ancient bone altar of Kikubaaqudgha.
  3026 | D:5      | Reached skill level 1 in Armour
  3026 | D:5      | Reached XP level 7. HP: 26/40 MP: 9/9
  3119 | D:5      | 3119 ||| DROPPING +6 ring of intelligence.
  3120 | D:5      | 3120 ||| READING scroll labelled QIJOWKAIJU.
  3121 | D:5      | 3121 ||| DRINKING 2 murky silvery potions.
  3122 | D:5      | 3122 ||| DROPPING potion of attraction.
  3393 | D:4      | Found an ornate altar of the Wu Jian Council.
  3440 | D:4      | Found a runed translucent gate.
  3441 | D:4      | Found a runed translucent gate.
  3442 | D:4      | Found a runed translucent gate.
  3443 | D:4      | Noticed qw's ghost (amateur DEHu)
  3482 | D:4      | Reached skill level 11 in Ranged Weapons
  3581 | D:4      | 3581 ||| DRINKING 2 blue potions.
  3582 | D:4      | 3582 ||| READING 2 scrolls of identify.
  3582 | D:4      | 3582 ||| IDENTIFYING fuming blue potion
  3583 | D:4      | 3583 ||| DROPPING potion of magic.
  3642 | D:5      | HP: 7/40 [gnoll/+0 spear[a gnoll bouda] (8)]
  3643 | D:5      | 3643 ||| READING scroll of teleportation.
  3643 | D:5      | Slain by a gnoll bouda

Levels and vault maps discovered:
D:1:      dpeg_arrival_yet_another_circle, layout_loops_ring
D:2:      layout_basic, shapermc_ecumenical_altar_ellora, minmay_goblin_outpost
D:3:      layout_basic, lemuel_tele_altar, mainiacjoe_overflow_alcove_1,
          uniq_robin
D:4:      layout_cave_pods, marbit_many_paths, amcnicky_altar_gilded,
          ebering_ghost_rock_garden, kennysheep_another_room,
          kennysheep_generic_room_10
D:5:      layout_cave_pools, mainiacjoe_overflow_24_doors,
          nicolae_ashenzari_skybound, mainiacjoe_overflow_cross_hatched,
          overflow_temple_1_default, serial_column_ruins,
          column_ruins_hut_ruined, column_ruins_hut,
          column_ruins_open_small_water, column_ruins_grid_2,
          column_ruins_corridor_straight, column_ruins_columns_straight,
          column_ruins_corridor_straight, column_ruins_grid_4,
          column_ruins_open_tiny, kennysheep_small_spiral

Skill      XL: |  1  2  3  4  5  6  7 |
---------------+----------------------+-----
Ranged Weapons | 6 7 9 10 11 | 11.1
Fighting       | 2 |  2.0
Dodging        | 3 |  3.6
Armour         | 1 |  1.5
Stealth        | |  1.2

Action                     |  1- 3 |  4- 6 |  7- 9 || total
---------------------------+-------+-------+-------++-------
   Fire: Shortbow          |   144 |   133 |    30 ||   307
    Use: Scroll            |     9 |     3 |     3 ||    15
         Potion            |       |       |     2 ||     2
 Armour: Leather armour    |    12 |       |       ||    12
         Ring mail         |     2 |    25 |     2 ||    29
  Dodge: Dodged            |    28 |    74 |    12 ||   114

Table legend:
 A = Non-vault XP
 B = Vault XP
 C = Vault XP percentage of total XP
 D = Non-vault monster count
 E = Vault monster count
 F = Vault count percentage of total count
                 A         B        C        D         E       F
            +---------+---------+-------+---------+---------+-------
      Total |     857 |     212 |  19.8 |      81 |      23 |  22.1
            +---------+---------+-------+---------+---------+-------
        D:1 |      50 |       0 |   0.0 |      31 |       0 |   0.0
        D:2 |      27 |      14 |  34.1 |       8 |       7 |  46.7
        D:3 |      41 |      38 |  48.1 |      15 |      13 |  46.4
        D:4 |     399 |     160 |  28.6 |      20 |       3 |  13.0
        D:5 |     340 |       0 |   0.0 |       7 |       0 |   0.0
            +---------+---------+-------+---------+---------+-------
